 Dungeon Crawl Stone Soup version 0.29.1-13-g9f3cf754e1 (webtiles) character file.

Game seed: 7533034203776126926

41 croobank the Sneak (level 3, -3/26 HPs)
             Began as an Octopode Delver on Jan 22, 2023.
             Killed from afar by Sigmund (5 damage)
             ... with a puff of flame
             ... on level 3 of the Dungeon.
             The game lasted 00:01:59 (651 turns).

croobank the Sneak (Octopode Delver)                 Turns: 651, Time: 00:02:00

Health: -3/26      AC:  1    Str: 13    XL:     3   Next: 52%
Magic:  3/3        EV: 13    Int: 12    God:
Gold:   11         SH:  0    Dex: 13    Spells: 2/2 levels left

rFire   . . .      SeeInvis .   a - +0 hand axe
rCold   . . .      Faith    .   (no shield)
rNeg    . . .      Spirit   .   (helmet restricted)
rPois   .          Reflect  .   (no amulet)
rElec   .          Harm     .   (no ring)
rCorr   .          Rampage  .   (no ring)
Will    .....                   (no ring)
Stlth   ++++......              (no ring)
HPRegen 0.08/turn               (no ring)
MPRegen 0.08/turn               (no ring)
                                (no ring)
                                (no ring)

@: no status effects
A: almost no armour, amphibious, 8 rings, camouflage 1, gelatinous body 1,
(nimble swimmer 1), tentacles
a: no special abilities


You were on level 3 of the Dungeon.
You visited 1 branch of the dungeon, and saw 5 of its levels.

You collected 11 gold pieces.

Inventory:

Hand Weapons
 a - a +0 hand axe (weapon)
 d - a +0 short sword
Missiles
 h - 11 poisoned darts (quivered)
Wands
 f - a wand of digging (3)
Scrolls
 b - a scroll of fog
 g - a scroll of amnesia {unknown}
Potions
 e - 2 potions of haste


   Skills:
 + Level 3.4 Fighting
 + Level 2.5 Axes
 + Level 2.5 Dodging
 + Level 7.0 Stealth


You had 2 spell levels left.
You didn't know any spells.
Your spell library was empty.

Dungeon Overview and Level Annotations

Branches:
Dungeon (7/15)
 Temple: D:4-7

Altars:

Portals:
Sewer: D:3

Annotations:
D:3 Sigmund


Innate Abilities, Weirdness & Mutations

You cannot wear most types of armour.
You are amphibious.
You can wear up to eight rings at the same time.
Your skin changes colour to match your surroundings (Stealth+).
Your rubbery body absorbs attacks. (AC +1, EV +1)
((You are camouflaged when in or above water. (Stealth+)))
You have tentacles for arms and can constrict up to eight enemies at once.


Message History

You hit the giant cockroach.
You kill the giant cockroach!
No target in view!
No target in view!
No target in view!
No target in view!
No target in view!
Sigmund the Dreaded comes into view.
He is wielding a +2 scythe of protection and carrying a wand of flame (14).
Found a scroll labelled YWKAETO DITUNINA.
Found a glowing drain.
Found a scroll labelled ASUS VEASAMYI.
The helpless Sigmund fails to defend himself.
You hit Sigmund. Your grab misses Sigmund.
Sigmund is lightly wounded.
The helpless bat fails to defend itself.
You hit the bat. The bat closely misses you. Sigmund casts a spell at you.
The magic dart hits you!
You hit Sigmund but do no damage. You grab Sigmund.
Sigmund is lightly wounded.
You constrict Sigmund, but do no damage.
The bat misses you. Sigmund closely misses you.
You hit Sigmund but do no damage.
Sigmund is lightly wounded.
You constrict Sigmund, but do no damage.
The bat hits you. The bat barely misses you.
Sigmund gestures at you while chanting. You resist with significant effort.
You hit Sigmund but do no damage. You squeeze Sigmund.
Sigmund is moderately wounded.
You barely miss the bat. You constrict Sigmund. The bat barely misses you.
Sigmund laughs darkly.
Sigmund hits you with a +2 scythe of protection!
* * * LOW HITPOINT WARNING * * *
You hit Sigmund but do no damage.
Sigmund is moderately wounded.
You constrict Sigmund. The bat closely misses you.
Sigmund gestures at you while chanting. The puff of flame hits you.
You die...

,,,,,,**~~,~~**,,*.........,***,,
*****,**~~.≈~##.,##.....#.#** *,*
,,,**,~~,.?..≈≈.*#..#...#.####*,*
,,,*,,~~,....~~.##....#.......,,*
,,,,,,~~,.∩..~~..............,,,,
,,,*,,~~,,,..~~....<..#...#******
,,,,,,~~,,,,,≈~.##........## *
,,,**,**~~~~~*#@##.........# *
,,,,,,**~~~~~*#b@....#....## ##
,,,,,,,~,.......#####†.#..# #>
,,*****,,.......,,....###.######>
**,,,,,,,......##................
*,,,,,,,,.........#######...##...
,,,,,,,,,........,* #.#.##...
,,,,,,,,,.....,.*,* #......##
,,,,,,,,,.?...,,*,*** ##.#.#.#(
,,,<,,,,,,,,,,,,*,,,*****#.#...##


You could see Sigmund and a bat.

Vanquished Creatures
  An orc wizard (D:6)
  A shadow imp (D:6)
  An orc (D:6)
  A ball python (D:4)
  A giant cockroach (D:3)
  A goblin (D:4)
  A kobold (D:4)
  A quokka (D:4)
8 creatures vanquished.

Notes
Turn   | Place    | Note
-------+----------+-------------------------------------------
     0 | D:5      | croobank the Octopode Delver began the quest for the Orb.
     0 | D:5      | Reached XP level 1. HP: 16/16 MP: 1/1
    23 | D:6      | Noticed an ice beast
    30 | D:7      | Noticed a bullfrog
    62 | D:6      | Noticed an orc wizard
    63 | D:6      | Noticed an orc wizard
    71 | D:6      | Killed an orc wizard
    72 | D:6      | Reached XP level 2. HP: 15/21 MP: 2/2
    72 | D:6      | Reached XP level 3. HP: 18/26 MP: 3/3
    76 | D:6      | Reached skill level 7 in Stealth
   645 | D:3      | Found a glowing drain.
   645 | D:3      | Noticed Sigmund
   651 | D:3      | Killed from afar by Sigmund

Illustrated notes

Levels and vault maps discovered:
D:3:      layout_rooms, general_overflow_altar, cheibrodos_sewer_entry_sluice,
          chequers_big_river, item_on_display_a, uniq_ijyb, uniq_jessica,
          uniq_sigmund
D:4:      cheibrodos_old_hovel, layout_loops_ring
D:5:      layout_basic, minmay_temple_entry_purple_smoke, serial_curves,
          eino_curves_01, eino_curves_02, serial_bayou_pond_b,
          minmay_misc_feat_chi
D:6:      layout_basic, serial_shops, shop, nicolae_diamond_shop,
          nicolae_shop_behind_doors
D:7:      layout_basic, marbit_many_paths, kennysheep_crisscross, st_stairs_4,
          kennysheep_generic_room_7, uniq_menkaure, uniq_crazy_yiuf_cottage

Skill      XL: |  1  2  3 |
---------------+----------+-----
Stealth        | 7 |  7.0
Fighting       | |  3.4
Axes           | |  2.5
Dodging        | |  2.5

Action                   || total
-------------------------++-------
Melee: Hand axe          ||    28
       Constrict         ||     8
       Tentacles         ||     6
  Use: Scroll            ||     2
 Stab: Sleeping          ||     3
Armor: Skin              ||     1
Dodge: Dodged            ||    15
